 Dungeon Crawl Stone Soup version 0.30-a0-2-gf48d83f5e2 (webtiles) character file.

Game seed: 12917780812845448132

19909 greasedhog the Frost Mage (level 12, -8/72 HPs)
             Began as a Gargoyle Ice Elementalist on Aug 20, 2022.
             Was an Elder of Vehumet.
             Mangled by a boulder beetle (21 damage)
             ... on level 3 of the Lair of Beasts.
             The game lasted 00:35:40 (14410 turns).

greasedhog the Frost Mage (GrIE)                   Turns: 14410, Time: 00:35:42

Health: -8/72      AC: 28    Str: 12    XL:     12   Next: 73%
Magic:  13/22      EV: 16    Int: 21    God:    Vehumet [****..]
Gold:   453        SH:  5    Dex: 10    Spells: 14/25 levels left

rFire   x . .      SeeInvis +    M - +6 short sword "Dineettu Guh" {spect, rElec rF- rN+ Will+}
rCold   . . .      Faith    .    o - +0 buckler
rNeg    + + .      Spirit   .    G - +0 acid dragon scales
rPois   ∞          Reflect  .    m - +2 hat
rElec   +          Harm     .    q - +0 cloak
rCorr   +          Rampage  .    a - +0 pair of gloves
Will    +....                    (no boots)
Stlth   +++.......               (no amulet)
HPRegen 0.22/turn                i - +4 ring of evasion
MPRegen 0.18/turn                u - ring of see invisible

@: ice-armoured, freezing walls
A: sickness immunity, AC +8, negative energy resistance 1, electricity
resistance, torment resistance 1, petrification resistance
a: Renounce Religion


You were on level 3 of the Lair of Beasts.
You worshipped Vehumet.
Vehumet was greatly pleased with you.
You visited 3 branches of the dungeon, and saw 14 of its levels.

You collected 453 gold pieces.

Inventory:

Hand Weapons
 M - the +6 short sword "Dineettu Guh" (weapon) {spect, rElec rF- rN+ Will+}
   (You found it on level 1 of the Lair of Beasts)

   When its wielder attacks, the weapon's spirit leaps out and strikes again.
   The spirit shares a part of any damage it takes with its wielder.
   rF:        It makes you vulnerable to fire.
   rElec:     It insulates you from electricity.
   rN:        It protects you from negative energy.
   Will:      It increases your willpower.
Missiles
 j - a throwing net
Armour
 a - a +0 pair of gloves (worn)
 m - a +2 hat (worn)
 o - a +0 buckler (worn)
 q - a +0 cloak (worn)
 G - +0 acid dragon scales (worn)
Jewellery
 i - a +4 ring of evasion (left hand)
 u - a ring of see invisible (right hand)
 C - a +6 ring of strength
Wands
 y - a wand of polymorph (9)
 z - a wand of mindburst (3)
 F - a wand of iceblast (17)
 I - a wand of quicksilver (3)
 Q - a wand of flame (10)
Scrolls
 c - 6 scrolls of teleportation
 e - 2 scrolls of magic mapping
 h - 5 scrolls of butterflies
 k - a scroll of vulnerability {unknown}
 n - 2 scrolls of amnesia
 r - a scroll of poison
 s - a scroll of summoning
 t - a scroll of immolation
 v - 4 scrolls of fear
 w - a scroll of silence {unknown}
 A - a scroll of blinking {unknown}
 D - 2 scrolls of enchant armour {unknown}
 L - a scroll of noise {unknown}
Potions
 b - a potion of magic
 d - 2 potions of cancellation {unknown}
 f - a potion of curing
 g - 6 potions of lignification {unknown}
 l - 4 potions of heal wounds {unknown}
 p - 4 potions of brilliance {unknown}
 x - a potion of might {unknown}
 B - 4 potions of haste {unknown}
 E - 2 potions of attraction {unknown}
 H - a potion of flight {unknown}
 J - a potion of ambrosia {unknown}
 K - a potion of mutation {unknown}
 N - 2 potions of resistance {unknown}
 O - a potion of invisibility {unknown}
Miscellaneous
 P - a lightning rod (4/4)


   Skills:
 * Level 7.5 Fighting
 - Level 6.1 Armour
 - Level 5.1 Dodging
 - Level 6.4 Stealth
 - Level 6.4 Shields
 * Level 7.0 Spellcasting
 * Level 14.7 Ice Magic


You had 14 spell levels left.
You knew the following spells:

 Your Spells              Type           Power      Damage    Failure   Level
a - Freeze                Ice            100%       1d11      1%          1
b - Frozen Ramparts       Ice            100%       1d16      1%          3
c - Ozocubu's Armour      Ice            62%        N/A       1%          3
d - Hailstorm             Conj/Ice       38%        3d9       2%          4

Your spell library contained the following spells:

 Spells                   Type           Power      Damage    Failure   Level
 Inner Flame              Hex/Fire       7%         N/A       13%         3
 Sandblast                Erth           14%        2d6       4%          1
 Ice Form                 Ice/Tmut       38%        N/A       8%          4
 Summon Ice Beast         Ice/Summ       38%        N/A       8%          4
 Stone Arrow              Conj/Erth      14%        3d7       13%         3
 Passwall                 Tmut/Erth      5%         N/A       24%         2


Dungeon Overview and Level Annotations

Branches:
Dungeon (10/15)            Temple (1/1) D:6            Lair (3/5) D:8
 Shoals (0/4) Lair:2       Spider (0/4) Lair:2
    Orc: D:9-12

Altars:
Ashenzari
Cheibriados
Dithmenos
Elyvilon
Fedhas
Gozag
Hepliaklqana
Kikubaaqudgha
Makhleb
Nemelex Xobeh
Okawaru
Qazlal
Ru
Sif Muna
Trog
Uskayaw
Vehumet
Wu Jian
Xom
Yredelemnul
Zin
The Shining One

Shops:
D:8 (

Annotations:
D:10 Amaemon
Lair:2 exclusion: ice statue


Innate Abilities, Weirdness & Mutations

You are immune to sickness and miasma.
Your stone body is resilient. (AC +8)
You are immune to poison.
You resist negative energy. (rN+)
You are resistant to electric shocks. (rElec)
You are resistant to unholy torment.
You are immune to petrification.


Message History

Aim: a boulder beetle (lightly wounded)
You freeze the boulder beetle.
The boulder beetle is lightly wounded.
The wall freezes the boulder beetle but does no damage.
The boulder beetle closely misses you.
Casting: Freeze (safe; 1% risk of failure)
Confirm with . or Enter, or press ? or * to list all spells.
Aiming: Freeze (safe; 1% risk of failure)
Press: ? - help, Shift-Dir - straight line, f/p - boulder beetle
Aim: a boulder beetle (lightly wounded)
You freeze the boulder beetle!
The boulder beetle is moderately wounded.
The wall freezes the boulder beetle!
The boulder beetle bites you!
* * * LOW HITPOINT WARNING * * *
Casting: Freeze (safe; 1% risk of failure)
Confirm with . or Enter, or press ? or * to list all spells.
Aiming: Freeze (safe; 1% risk of failure)
Press: ? - help, Shift-Dir - straight line, f/p - boulder beetle
Aim: a boulder beetle (moderately wounded)
You freeze the boulder beetle!
The boulder beetle is heavily wounded.
The wall freezes the boulder beetle but does no damage.
You block the boulder beetle's attack.
Casting: Freeze (safe; 1% risk of failure)
Confirm with . or Enter, or press ? or * to list all spells.
Aiming: Freeze (safe; 1% risk of failure)
Press: ? - help, Shift-Dir - straight line, f/p - boulder beetle
Aim: a boulder beetle (heavily wounded)
You freeze the boulder beetle.
The boulder beetle is heavily wounded.
The wall freezes the boulder beetle.
The boulder beetle bites you!
* * * LOW HITPOINT WARNING * * *
You feel better.
The frozen ramparts melt away.
The boulder beetle misses you.
Casting: Freeze (safe; 1% risk of failure)
Confirm with . or Enter, or press ? or * to list all spells.
Casting: Frozen Ramparts (safe; 1% risk of failure)
Press: ? - help, Dir - look around, f - activate The walls around you are covered in ice.
The wall freezes the boulder beetle.
The boulder beetle bites you!!
You die...

#....###...P#
#.....P#.....
##............
#.............
.............
...........
#.....# .
#B...# ..
####@...#
...#.....###
>.......##
#.......##
##.....#.#
#.#.....####
##.......P.#
##..#.....###
#..##††....P#


You could see a boulder beetle.

Vanquished Creatures
  A hydra (Lair:1)
  A catoblepas (Lair:1)
  Erica (D:8)
  A death yak (Lair:2)
  A bog body (Lair:2)
  An ugly thing (D:8)
  A cyclops (D:8)
  An orange demon (D:10)
  2 cane toads
  3 rime drakes
  Maggie (D:6)
  An ice devil (Lair:2)
  A polar bear (Lair:2)
  A hornet (D:8)
  2 trolls
  4 blink frogs (Lair:1)
  Grinder (D:6)
  6 slime creatures
  Prince Ribbit (D:6)
  2 shadows
  23 yaks
  A culicivora (Lair:2)
  A vampire (D:9)
  2 wyverns
  A basilisk (D:8)
  Eustachio (D:6)
  A vampire mosquito (D:8)
  A steam dragon (D:8)
  2 acid dragons (D:8)
  4 water moccasins
  2 orc warriors
  An ice beast (D:6)
  3 black bears
  4 centaurs
  17 wolves
  4 kobold brigands
  A scorpion (D:6)
  12 bullfrogs
  3 necrophages
  A cane toad simulacrum (Lair:2)
  A gnoll sergeant (D:7)
  A two-headed ogre simulacrum (Lair:2)
  5 wights (D:7)
  12 killer bees
  An electric eel (D:8)
  A jelly (D:8)
  2 gnoll boudas
  3 hounds
  5 iguanas
  5 orc priests
  Crazy Yiuf (D:4)
  Terence (D:2)
  8 orc wizards
  A troll simulacrum (Lair:2)
  7 hell rats (Lair:1)
  A wolf simulacrum (Lair:2)
  Robin (D:3)
  9 gnolls
  3 adders
  A shadow imp (D:6)
  A white imp (Lair:2)
  2 ufetubi (D:5)
  A worm (D:2)
  2 dart slugs (D:1)
  19 orcs
  5 endoplasms
  4 giant cockroaches
  16 goblins
  14 hobgoblins
  6 jackals
  15 kobolds
  4 quokkas
  10 ball pythons
  3 bats
  A frilled lizard (D:2)
  6 rats
296 creatures vanquished.

Vanquished Creatures (others)
  A killer bee (D:8)
  A gnoll (D:8)
  A kobold (D:9)
  7 fungi
  6 plants
16 creatures vanquished.

Grand Total: 312 creatures vanquished

Notes
Turn   | Place    | Note
-------+----------+-------------------------------------------
     0 | D:1      | greasedhog the Gargoyle Ice Elementalist began the quest
                  | for the Orb.
     0 | D:1      | Reached XP level 1. HP: 10/10 MP: 3/3
   246 | D:1      | Reached skill level 1 in Fighting
   274 | D:1      | Reached XP level 2. HP: 16/16 MP: 3/5
   408 | D:1      | Found a faded altar of an unknown god.
  1003 | D:1      | Reached XP level 3. HP: 14/21 MP: 6/6
  1644 | D:2      | Found a glowing golden altar of the Shining One.
  1846 | D:2      | Reached XP level 4. HP: 27/27 MP: 4/7
  2144 | D:2      | Noticed Terence
  2149 | D:2      | Killed Terence
  2150 | D:2      | Reached skill level 5 in Ice Magic
  2770 | D:3      | Learned a level 3 spell: Frozen Ramparts
  2774 | D:3      | Learned a level 3 spell: Ozocubu's Armour
  2981 | D:3      | Noticed Robin
  2989 | D:3      | Reached XP level 5. HP: 21/32 MP: 1/8
  2992 | D:3      | Killed Robin
  3234 | D:3      | Found a shadowy altar of Dithmenos.
  3414 | D:3      | Found a hide-covered altar of Uskayaw.
  3415 | D:3      | Found an ancient bone altar of Kikubaaqudgha.
  3417 | D:3      | Found a glowing silver altar of Zin.
  4195 | D:4      | Found a runed translucent door.
  4196 | D:4      | Noticed Crazy Yiuf
  4585 | D:4      | Killed Crazy Yiuf
  4673 | D:5      | Entered Level 5 of the Dungeon
  4673 | D:5      | Noticed a water moccasin
  4691 | D:5      | Reached XP level 6. HP: 37/39 MP: 0/9
  4704 | D:5      | Reached skill level 6 in Ice Magic
  4830 | D:5      | Reached skill level 5 in Fighting
  4888 | D:5      | Killed a water moccasin
  4889 | D:5      | Reached XP level 7. HP: 42/44 MP: 0/10
  5431 | D:6      | Reached skill level 7 in Ice Magic
  5636 | D:6      | Noticed Maggie
  5651 | D:6      | Killed Maggie
  5652 | D:6      | Reached skill level 5 in Stealth
  5652 | D:6      | Reached XP level 8. HP: 41/49 MP: 2/11
  5730 | D:6      | Noticed Grinder
  5731 | D:6      | Found a staircase to the Ecumenical Temple.
  5743 | D:6      | Paralysed by Grinder for 5 turns
  5757 | D:6      | Killed Grinder
  5758 | D:6      | Reached skill level 8 in Ice Magic
  5779 | Temple   | Entered the Ecumenical Temple
  6025 | Temple   | Became a worshipper of Vehumet
  6250 | D:6      | Noticed Prince Ribbit
  6262 | D:6      | Killed Prince Ribbit
  6263 | D:6      | Reached XP level 9. HP: 43/54 MP: 8/12
  6482 | D:6      | Reached skill level 9 in Ice Magic
  6487 | D:6      | Learned a level 4 spell: Hailstorm
  6552 | D:6      | Noticed Eustachio
  6595 | D:6      | Killed Eustachio
  6937 | D:6      | Found a burning altar of Makhleb.
  6937 | D:6      | Noticed a green death
  7229 | D:7      | Reached skill level 5 in Dodging
  7229 | D:7      | Reached skill level 10 in Ice Magic
  7313 | D:7      | Reached skill level 1 in Shields
  7491 | D:7      | Reached * piety under Vehumet
  7491 | D:7      | Offered knowledge of Foxfire by Vehumet.
  7584 | D:7      | Reached XP level 10. HP: 45/59 MP: 9/13
  8671 | D:8      | Found Usmi Icwe's Antique Weapon Shop.
  8681 | D:8      | Noticed Erica
  8693 | D:8      | Killed Erica
  8694 | D:8      | Reached skill level 5 in Shields
  8694 | D:8      | Reached skill level 11 in Ice Magic
  8876 | D:8      | Offered knowledge of Static Discharge by Vehumet.
  8883 | D:8      | Reached skill level 1 in Armour
  8884 | D:8      | Reached ** piety under Vehumet
  9190 | D:8      | Reached skill level 12 in Ice Magic
  9296 | D:8      | Noticed a cyclops
  9300 | D:8      | Reached XP level 11. HP: 63/63 MP: 11/14
  9308 | D:8      | Killed a cyclops
  9313 | D:8      | Noticed a green ugly thing
  9319 | D:8      | Reached skill level 5 in Armour
  9324 | D:8      | Killed a green ugly thing
  9632 | D:8      | Found a staircase to the Lair.
 10059 | D:9      | Offered knowledge of Scorch by Vehumet.
 10069 | D:9      | Reached skill level 13 in Ice Magic
 10071 | D:9      | Reached *** piety under Vehumet
 10962 | D:10     | Entered Level 10 of the Dungeon
 11272 | D:10     | Noticed Amaemon
 11336 | Lair:1   | Entered Level 1 of the Lair of Beasts
 11357 | Lair:1   | Offered knowledge of Airstrike by Vehumet.
 11690 | Lair:1   | Noticed a seven-headed hydra
 11697 | Lair:1   | Killed a seven-headed hydra
 11698 | Lair:1   | Reached skill level 5 in Spellcasting
 11698 | Lair:1   | Reached XP level 12. HP: 54/68 MP: 10/19
 11805 | Lair:1   | Reached **** piety under Vehumet
 11808 | Lair:1   | Reached skill level 14 in Ice Magic
 11918 | Lair:1   | Noticed a catoblepas
 11930 | Lair:1   | Killed a catoblepas
 11930 | Lair:1   | Offered knowledge of Inner Flame by Vehumet.
 12082 | Lair:1   | Identified the +6 short sword "Dineettu Guh" {spect, rElec
                  | rF- rN+ Will+}
 12207 | Lair:1   | You fall into a shaft and drop 1 floor!
 12627 | Lair:2   | Noticed a death yak
 12988 | Lair:2   | Killed a death yak
 13526 | Lair:2   | Found a staircase to the Shoals.
 13614 | Lair:2   | Found a hole to the Spider Nest.
 14396 | Lair:3   | Noticed a boulder beetle
 14410 | Lair:3   | Mangled by a boulder beetle

Illustrated notes

Levels and vault maps discovered:
D:1:      grunt_arrival_lava_bath, layout_loops_ring,
          nicolae_ecumenical_snake_handling
D:2:      layout_loops_cross, basic_altar, uniq_terence
D:3:      layout_rooms, mainiacjoe_overflow_alcove_2,
          nicolae_overflow_hidden_temple, uniq_robin
D:4:      layout_loops_corners, minmay_fountain_box, uniq_crazy_yiuf_cottage
D:5:      layout_cave_pools
D:6:      layout_loops_ring, makhleb_altar_promises_db,
          minmay_temple_entry_statues_pillars, uniq_prince_ribbit1, uniq_maggie,
          uniq_eustachio, uniq_grinder
D:7:      layout_loops_corners
D:8:      layout_cave_pools, erik_lair_island, serial_shops, kennysheep_mini,
          minmay_pinched_square, uniq_erica
D:9:      layout_loops_ring
D:10:     layout_big_octagon, kennysheep_donut, uniq_amaemon
Temple:   nicolae_temple_bog_church
Lair:1:   layout_loops_ring
Lair:2:   dreamdust_isle_of_ice, layout_cave_pods, elwin_shoals_entry_rocks,
          spider_nest_entry_rubble
Lair:3:   layout_layer_cave

Skill      XL: |  1  2  3  4  5  6  7  8  9 10 11 12 |
---------------+-------------------------------------+-----
Fighting       | 1 2 3 4 5 7 |  7.5
Ice Magic      | 5 6 7 8 10 12 13 14 | 14.7
Stealth        | 3 5 6 |  6.4
Dodging        | 3 5 |  5.1
Shields        | 3 6 |  6.4
Armour         | 3 6 |  6.1
Spellcasting   | 5 7 |  7.0

Action                   |  1- 3 |  4- 6 |  7- 9 | 10-12 || total
-------------------------+-------+-------+-------+-------++-------
Melee: Unarmed           |     2 |       |       |       ||     2
       Dagger            |    46 |   116 |   119 |   380 ||   661
       Punch             |       |     1 |       |       ||     1
       Short sword       |       |       |       |    92 ||    92
 Cast: Freeze            |    50 |    33 |    43 |   126 ||   252
       Ozocubu's Armour  |       |     5 |     7 |    31 ||    43
       Frozen Ramparts   |       |     6 |    20 |    58 ||    84
       Hailstorm         |       |       |       |     2 ||     2
Evoke: Wand              |       |       |       |     4 ||     4
  Use: Scroll            |     3 |     1 |     2 |     7 ||    13
       Potion            |       |       |     1 |     3 ||     4
 Stab: Sleeping          |     2 |     4 |       |     1 ||     7
Armor: Robe              |    35 |    53 |    10 |       ||    98
       Steam dragon scal |       |       |    48 |    61 ||   109
       Acid dragon scale |       |       |       |   163 ||   163
Dodge: Dodged            |    53 |   120 |   119 |   421 ||   713
Block: Buckler           |       |    13 |     8 |   138 ||   159

Table legend: (Time is in decaauts)
 A = Elapsed time spent in this place.
 B = Non-inter-level travel time spent in this place.
 C = Inter-level travel time spent in this place.
 D = Time resting spent in this place.
 E = Time spent auto-exploring this place.
 F = Levels seen in this place.
 G = Mean time per level.
                   A        B        C        D        E       F      G
               +--------+--------+--------+--------+--------+-----+--------+
         Total |  14476 |  14178 |    298 |   1913 |   9689 |  14 | 1034.0 |
       Dungeon |  11098 |  10847 |    251 |   1416 |   7446 |  10 | 1109.8 |
        Temple |    276 |    240 |     36 |      0 |    220 |   1 |  276.0 |
          Lair |   3101 |   3091 |     10 |    497 |   2022 |   3 | 1033.7 |
               +--------+--------+--------+--------+--------+-----+--------+

Top non-repeatable levels by time:
  Lair:2: 2088 daAuts
     D:7: 1698 daAuts
     D:1: 1689 daAuts
     D:6: 1310 daAuts
     D:8: 1208 daAuts
     D:4: 1192 daAuts
     D:9: 1123 daAuts
     D:2: 1066 daAuts
  Lair:1: 871 daAuts
     D:3: 730 daAuts
     D:5: 728 daAuts
    D:10: 350 daAuts
  Temple: 276 daAuts
  Lair:3: 141 daAuts
